 Dungeon Sprint DCSS version 0.30.1-11-g7821555f0a (webtiles) character file.

Game seed: 4420280224792387522

3479 Groucho the Protected (level 9, -2/90 HPs)
             Began as an Armataur Fighter on Jan 3, 2024.
             Was a Priest of Makhleb.
             Slain by a catoblepas (11 damage)
             ... while petrified by a catoblepas
             ... in the Dungeon (Sprint IX: "|||||||||||||||||||||||||||||").
             The game lasted 00:03:13 (682 turns).

Groucho the Protected (Armataur Fighter)             Turns: 682, Time: 00:03:13

Health: -2/90      AC: 17    Str: 28    XL:     9   Next: 79%
Magic:  15/15      EV:  1    Int:  8    God:    Makhleb [***...]
Gold:   14         SH:  0    Dex: 11    Spells: 8/8 levels left

rFire   . . .        n - +2 morningstar (protect)
rCold   . . .        c - +0 buckler
rNeg    + + +        q - +1 chain mail
rPois   ∞            o - +0 helmet
rElec   .            p - +0 cloak
rCorr   .            (no gloves)
SInv    .            (no barding)
Will    .....        (no amulet) Stlth
                     b - +3 ring of strength
HPRegen 0.35/turn    r - +2 ring of protection
MPRegen 0.14/turn

%: no teleportation, roll
@: petrified
A: large, rugged brown scales 3, deformed body, armoured tail, roll, long
tongue, awkward tongue
a: Renounce Religion, Minor Destruction, Lesser Servant of Makhleb


You were in the Dungeon.
You worshipped Makhleb.
Makhleb was most pleased with you.
You visited 1 branch You collected 14 gold pieces.

Inventory:

Hand Weapons
 a - a +0 flail
 m - a +1 broad axe of freezing
 n - a +2 morningstar of protection (weapon)
Armour
 c - a +0 buckler (worn)
 o - a +0 helmet (worn)
 p - a +0 cloak (worn)
 q - a +1 chain mail (worn)
Jewellery
 b - a +3 ring of strength (left hand)
 r - a +2 ring of protection (right hand)
Wands
 l - a wand of roots (10)
Scrolls
 e - a scroll of fog
 j - 2 scrolls of blinking
 k - 2 scrolls of amnesia
 s - a scroll of identify
 t - 4 scrolls of enchant armour
 u - a scroll of fear
Potions
 d - a potion of berserk rage
 f - 4 potions of heal wounds
 g - 3 potions of haste
 h - 4 potions of magic
 i - 5 potions of curing
 v - a potion of mutation


   Skills:
 + Level 10.2 Fighting
 + Level 10.0 Maces & Flails
 + Level 13.1 Armour
 + Level 12.1 Shields
 + Level 9.0 Invocations


You had 8 spell levels left.
You didn't know any spells.
Your spell library was empty.

Dungeon Overview and Level Annotations

Branches:
Dungeon (1/1)

Altars:
Cheibriados
Dithmenos
Elyvilon
Fedhas
Gozag
Hepliaklqana
Kikubaaqudgha
Makhleb
Nemelex Xobeh
Okawaru
Qazlal
Ru
Sif Muna
Trog
Uskayaw
Vehumet
Wu Jian
Xom
Yredelemnul
Zin
The Shining One
Jiyva
Lugonu


Innate Abilities, Weirdness & Mutations

You are completely covered in rugged brown scales. (AC +3, +7% HP)
Armour fits poorly on your strangely shaped body.
You have a long armoured tail.
You roll when moving toward enemies. (Rampage)
Your long tongue fully drains potion bottles. (2x potion effects)
Your tongue gives you trouble enunciating. (1.5x scroll delay)


Message History

The catoblepas breathes a plume of calcifying dust at you.
The blast of calcifying dust hits you.
You hit the catoblepas. You tail-slap the catoblepas!
The catoblepas is almost dead.
You are engulfed in calcifying dust.
You are slowing down.
The bullfrog snags a nearby blue-tailed skink with its tongue.
You block the catoblepas's attack.
You hit the catoblepas.
The catoblepas is almost dead.
You are engulfed in calcifying dust.
The catoblepas breathes a plume of calcifying dust at you.
The blast of calcifying dust hits you but does no damage.
You block the catoblepas's attack.
Your limbs are stiffening.
Unknown command.
You puncture the catoblepas!
The catoblepas is almost dead.
You are engulfed in calcifying dust.
The catoblepas gores you! The catoblepas gores you!!
The bullfrog swells and bulges.
You have turned to stone.
The catoblepas gores you!
* * * LOW HITPOINT WARNING * * *
The catoblepas breathes a plume of calcifying dust at you.
The blast of calcifying dust hits you.
* * * LOW HITPOINT WARNING * * *
You are engulfed in calcifying dust.
The catoblepas gores you.
* * * LOW HITPOINT WARNING * * *
You are engulfed in calcifying dust.
The catoblepas breathes a plume of calcifying dust at you.
The blast of calcifying dust hits you!
* * * LOW HITPOINT WARNING * * *
You are engulfed in calcifying dust.
The catoblepas gores you but does no damage.
The catoblepas gores you. The catoblepas gores you!
* * * LOW HITPOINT WARNING * * *
The catoblepas completely misses you. The catoblepas gores you!!
You die...

▓▓▓▓▓▓▓▓▓▓▓▓▓▓▓▓▓▓▓▓▓▓▓▓▓▓▓▓▓▓▓▓▓
†)....†.....'____________________
▓▓▓▓▓▓▓▓▓▓▓▓▓▓▓▓▓▓▓▓▓▓▓▓▓▓▓▓▓▓▓▓▓
.................................
▓▓▓▓▓▓▓▓▓▓▓▓▓▓▓▓▓▓▓▓▓▓▓▓▓▓▓▓▓▓▓▓▓
...'......[[....@YFlSSFS
▓▓▓▓▓▓▓▓▓▓▓▓▓▓▓▓▓▓▓▓▓▓▓▓


You could see a catoblepas, a komodo dragon, a black mamba, 2 water moccasins
and 2 bullfrogs.

Vanquished Creatures
  A two-headed ogre (D)
  A swamp dragon (shapeshifter) (D)
  An ugly thing (D)
  A deep elf pyromancer (D)
  A manticore (D)
  A cane toad (D)
  A slime creature (D)
  A wyvern (D)
  A basilisk (D)
  A centaur (D)
  3 kobold brigands (D)
  2 scorpions (D)
  A howler monkey (D)
  An iguana (D)
  An adder (D)
  2 ball pythons (D)
  A goblin (D)
  A bat (D)
  A kobold (D)
23 creatures vanquished.

Vanquished Creatures (others)
  A yak (D)
1 creature vanquished.

Grand Total: 24 creatures vanquished

Notes
Turn   | Place    | Note
-------+----------+-------------------------------------------
     0 | D        | Groucho the Armataur Fighter began the quest for the Orb.
     0 | D        | Reached XP level 1. HP: 19/19 MP: 1/1
    10 | D        | Reached skill level 4 in Armour
    18 | D        | Noticed a scorpion
    18 | D        | Noticed an iguana
    18 | D        | Noticed a howler monkey
    18 | D        | Noticed a scorpion
    26 | D        | Killed a scorpion
    27 | D        | Reached skill level 5 in Armour
    27 | D        | Reached skill level 5 in Shields
    27 | D        | Reached XP level 2. HP: 29/29 MP: 2/2
    27 | D        | Reached XP level 3. HP: 36/36 MP: 3/3
    30 | D        | Reached skill level 6 in Armour
    30 | D        | Reached XP level 4. HP: 34/43 MP: 4/4
    37 | D        | Reached skill level 5 in Fighting
    39 | D        | Killed a scorpion
    40 | D        | Reached skill level 5 in Maces & Flails
    40 | D        | Reached skill level 7 in Armour
    40 | D        | Reached XP level 5. HP: 42/53 MP: 5/5
    50 | D        | Found a snail-covered altar of Cheibriados.
    50 | D        | Found a shadowy altar of Dithmenos.
    50 | D        | Found a white marble altar of Elyvilon.
    50 | D        | Found a blossoming altar of Fedhas.
    50 | D        | Found an opulent altar of Gozag.
    51 | D        | Found a hazy altar of Hepliaklqana.
    52 | D        | Found a viscous altar of Jiyva.
    53 | D        | Found an ancient bone altar of Kikubaaqudgha.
    54 | D        | Found a corrupted altar of Lugonu.
    55 | D        | Found a burning altar of Makhleb.
    56 | D        | Found a sparkling altar of Nemelex Xobeh.
    57 | D        | Found an iron altar of Okawaru.
    58 | D        | Found a stormy altar of Qazlal.
    59 | D        | Found a sacrificial altar of Ru.
    60 | D        | Found a shimmering blue altar of Sif Muna.
    61 | D        | Found a bloodstained altar of Trog.
    62 | D        | Found a hide-covered altar of Uskayaw.
    63 | D        | Found a radiant altar of Vehumet.
    65 | D        | Became a worshipper of Makhleb the Destroyer
   118 | D        | Found an ornate altar of the Wu Jian Council.
   119 | D        | Found a shimmering altar of Xom.
   120 | D        | Found a basalt altar of Yredelemnul.
   121 | D        | Found a glowing silver altar of Zin.
   122 | D        | Found a glowing golden altar of the Shining One.
   179 | D        | Noticed a wyvern
   179 | D        | Noticed a yak
   179 | D        | Noticed a centaur
   186 | D        | Reached skill level 8 in Armour
   186 | D        | Reached skill level 1 in Invocations
   186 | D        | Reached XP level 6. HP: 60/60 MP: 5/7
   188 | D        | Killed a wyvern
   189 | D        | Reached skill level 9 in Armour
   189 | D        | Killed a yak
   191 | D        | Reached * piety under Makhleb
   192 | D        | Reached XP level 7. HP: 65/70 MP: 5/10
   200 | D        | Noticed a cyan ugly thing
   200 | D        | Noticed a two-headed ogre
   200 | D        | Noticed a slime creature
   200 | D        | Noticed a jumping spider
   200 | D        | Noticed a deep elf pyromancer
   200 | D        | Noticed a manticore
   209 | D        | Killed a cyan ugly thing
   209 | D        | Reached ** piety under Makhleb
   209 | D        | a jumping spider changed into an elephant
   209 | D        | Noticed an elephant (shapeshifter)
   210 | D        | Reached skill level 10 in Armour
   210 | D        | Reached XP level 8. HP: 36/79 MP: 8/12
   213 | D        | Killed a two-headed ogre
   214 | D        | Reached skill level 11 in Armour
   214 | D        | Reached skill level 10 in Shields
   220 | D        | an elephant changed into a swamp dragon
   220 | D        | Noticed a swamp dragon (shapeshifter)
   221 | D        | Killed a slime creature
   225 | D        | Killed a swamp dragon
   226 | D        | Reached skill level 12 in Armour
   226 | D        | Reached XP level 9. HP: 53/89 MP: 10/15
   234 | D        | Killed a manticore
   234 | D        | Reached *** piety under Makhleb
   236 | D        | Killed a deep elf pyromancer
   237 | D        | Reached skill level 10 in Fighting
   650 | D        | Noticed a cane toad
   650 | D        | Noticed a komodo dragon
   650 | D        | Noticed a catoblepas
   652 | D        | Killed a cane toad
   652 | D        | Noticed a black mamba
   653 | D        | Reached skill level 13 in Armour
   656 | D        | Reached skill level 10 in Maces & Flails
   682 | D        | Slain by a catoblepas

Illustrated notes

Levels and vault maps discovered:
D:        linesprint [early_d, line_temple, items_1, d_10, items_2, lair_1,
          lair_end, items_3, orc_1, orc_end, items_4, d_15, swamp_1, shoals_1,
          snake_1, spider_1, d_20, vaults_1, items_5, swamp_end, shoals_end,
          snake_end, spider_end, vaults_end, d_27, items_6, zot_1, zot_end,
          crypt_end, forest_end, elf_end, slime_end, tomb_end, abyss_end,
          pan_hell_end]

Skill      XL: |  1  2  3  4  5  6  7  8  9 |
---------------+----------------------------+-----
Maces & Flails | 3 4 5 6 7 9 10 | 10.0
Fighting       | 4 5 6 7 8 9 10 | 10.2
Armour         | 5 6 7 8 9 10 12 13 | 13.1
Shields        | 5 6 7 8 9 11 12 | 12.1
Invocations    | 1 4 6 8 9 |  9.0

Action                     |  1- 3 |  4- 6 |  7- 9 || total
---------------------------+-------+-------+-------++-------
  Melee: Flail             |    18 |    14 |       ||    32
         Tailslap          |     1 |     3 |    12 ||    16
         Morningstar       |       |    10 |    54 ||    64
    Use: Potion            |     2 |     2 |     1 ||     5
   Stab: Invisible         |       |       |     9 ||     9
 Armour: Scale mail        |     8 |     1 |       ||     9
         Chain mail        |       |     3 |    29 ||    32
  Dodge: Dodged            |     6 |     6 |    16 ||    28
  Block: Buckler           |     3 |     6 |    18 ||    27
